 Dungeon Sprint DCSS version 0.19.4-12-gccf7e64 (webtiles) character file.

404 equalderp2856 the Gouger (level 6, -7/34 HPs)
             Began as a Felid Fighter on Feb 26, 2017.
             Mangled by a crocodile (20 damage)
             ... in the Dungeon (Sprint II: "The Violet Keep of Menkaure").
             The game lasted 00:03:15 (651 turns).

equalderp2856 the Gouger (Felid Fighter)             Turns: 651, Time: 00:03:15

Health: -7/34      AC:  2    Str: 13    XL:     6   Next: 56%
Magic:  7/7        EV: 26    Int: 10    God:
Gold:   1107       SH:  0    Dex: 16    Spells: 0 memorised, 5 levels left
                                        Lives:  0   Deaths: 2

rFire  . . .     SeeInvis +       - Unarmed
rCold  . . .     Gourm    .     (armour unavailable)
rNeg   . . .     Faith    .     (shield unavailable)
rPois  .         Spirit   .     (helmet unavailable)
rElec  .         Reflect  .     (cloak unavailable)
rCorr  .         Harm     .     (gloves unavailable)
MR     .....     NoTele   +     (boots unavailable)
Stlth  ++........               (no amulet)
                                (no ring)
                                (no ring)

@: quick
A: no armour, no weapons or thrown items, stealth, claws 1, fangs 3, see
invisible, carnivore 3, speed 1, shaggy fur 2, slow metabolism 1, sharp paws
a: no special abilities


You were in the Dungeon.
You were not hungry.

You visited 1 branch You collected 1107 gold pieces.

Inventory:

Scrolls
 h - a scroll of blinking
 l - 5 scrolls of identify {unknown}
 m - a scroll of fear {unknown}
 n - 3 scrolls of remove curse {unknown}
 o - a scroll of amnesia {unknown}
 q - a scroll of random uselessness {unknown}
Potions
 a - a potion of might
 c - 4 potions of curing
 d - a potion of mutation {unknown}
 e - a potion of haste
 f - 5 potions of magic
 g - a potion of berserk rage
 i - a potion of degeneration {unknown}
 j - a potion of lignification {unknown}
 k - 3 potions of resistance {unknown}
 p - a potion of brilliance {unknown}
 r - 3 potions of flight {unknown}
 s - a potion of heal wounds
Comestibles
 b - 3 meat rations


   Skills:
 + Level 8.6 Fighting
 + Level 10.7 Dodging
 + Level 4.7 Stealth
 + Level 14.4 Unarmed Combat


You had 5 spell levels left.
You didn't know any spells.

Dungeon Overview and Level Annotations

Branches:
Dungeon (1/1)

Altars:
Cheibriados
Dithmenos
Elyvilon
Fedhas
Gozag
Hepliaklqana
Kikubaaqudgha
Makhleb
Nemelex Xobeh
Okawaru
Ru
Sif Muna
Trog
Uskayaw
Vehumet
Yredelemnul
Zin
The Shining One
Beogh
Jiyva
Lugonu

Shops:
D =?=}(:

Annotations:
D exclusion: orange crystal statue


Innate Abilities, Weirdness & Mutations

You cannot wear armour.
You are incapable of wielding weapons or throwing items.
Your paws allow you to move quietly. (Stealth)
You have sharp claws.
You have razor-sharp teeth.
You have supernaturally acute eyesight. (SInv)
You are carnivorous and can eat meat at any time.
You cover ground quickly.
You are covered in thick fur. (AC +2)
You have a slow metabolism.
Your sharp claws are effective at attacking unaware monsters.


Message History

There is an open door here.
You enter the shallow water.
Moving in this stuff is going to be slow.
Tentacles burst out of the water!
A tentacle comes into view.
The yaktaur shoots a bolt.
The bolt hits you!!
Ouch! That really hurt!
You hear a splash.
You see here a bolt.
The yaktaur unwields an uncursed arbalest.
The yaktaur barely misses you.
You scratch the yaktaur.
The yaktaur is lightly wounded.
Your unstable footing causes you to fumble your attack.
The yaktaur hits you.
You scratch the yaktaur.
The yaktaur is lightly wounded.
The yaktaur closely misses you. The crocodile bites you!!
Ouch! That really hurt!
You die...

..# #.# #§}▓).))%[).▓▓ #.####
+.####):▓([([.[..▓▓ #....#
#...####▓.....[..▓▓ ###..##
##..# $#▓.))....(▓▓ #.##..#
+..# .#▓(%).(...▓▓ ##†#..#
#..# h#▓).)..)..▓▓
.##'..####..##.#▓..[....[▓▓
...#....###..†##▓▓▓▓▓▓▓'▓▓▓▓+▓
#.##......(≈≈≈≈c@t≈≈≈≈≈..wX≈≈▓
###≈≈.....≈#'########'###.w≈≈▓
#≈≈≈≈≈≈≈..≈#_._.....#≈≈≈##≈≈≈▓
#≈≈≈≈§≈§≈.≈#._._....#§≈≈§####▓
≈≈≈≈≈≈≈§§≈≈#_._._...#§§§§≈#
≈≈≈§≈≈§§≈≈§#._._._..#§§t§≈≈#
+#≈≈≈≈≈§§§§#_._._._.#§§§§≈≈+
##§§§###≈≈#._._._._#§§§≈ t#
#≈≈#.._._._.# §§ ≈▓


You could see a yaktaur and a crocodile.

Vanquished Creatures
  A siren (D)
  A hornet (D)
  A polar bear (D)
  2 hippogriffs (D)
  A crocodile (D)
  4 worker ants (D)
  3 worms (D)
13 creatures vanquished.

Vanquished Creatures (others)
  Menkaure (D)
  A crocodile (D)
  4 tentacles (D)
6 creatures vanquished.

Grand Total: 19 creatures vanquished

Notes
Turn   | Place    | Note
-------+----------+-------------------------------------------
     0 | D        | equalderp2856 the Felid Fighter began the quest for the Orb.
     0 | D        | Reached XP level 1. HP: 10/10 MP: 2/2
     1 | D        | Noticed a worker ant
     1 | D        | Noticed a worker ant
     4 | D        | Killed a worker ant
     4 | D        | Reached skill level 5 in Dodging
     4 | D        | Reached skill level 5 in Unarmed Combat
     4 | D        | Reached XP level 2. HP: 15/15 MP: 3/3
     9 | D        | Reached skill level 6 in Unarmed Combat
     9 | D        | Reached XP level 3. HP: 11/18 MP: 4/4
    14 | D        | Killed a crocodile
    15 | D        | Reached skill level 7 in Unarmed Combat
    15 | D        | Reached XP level 4. HP: 12/22 MP: 5/5
    18 | D        | Reached skill level 5 in Fighting
    31 | D        | Killed Menkaure
   155 | D        | Noticed a siren
   165 | D        | Killed a siren
   165 | D        | Reached skill level 11 in Unarmed Combat
   165 | D        | Reached XP level 5. HP: 28/28 MP: 6/6
   165 | D        | Gained mutation: You are covered in thick fur. (AC +2) [Felid growth]
   165 | D        | Reached XP level 6. HP: 33/33 MP: 7/7
   201 | D        | Noticed a hippogriff
   201 | D        | Noticed a hippogriff
   207 | D        | Killed a hippogriff
   207 | D        | Reached skill level 12 in Unarmed Combat
   207 | D        | Reached XP level 7. HP: 24/36 MP: 8/8
   394 | D        | Killed a hippogriff
   394 | D        | Reached skill level 10 in Dodging
   394 | D        | Reached skill level 13 in Unarmed Combat
   441 | D        | Noticed an orange crystal statue
   444 | D        | Found Nilofi Vogh's Weapon Shoppe.
   444 | D        | Found Nooffad's Book Emporium.
   451 | D        | Found Pulei's Jewellery Shoppe.
   451 | D        | Found Sidinne's Gadget Emporium.
   460 | D        | Found Mynuphue's Jewellery Shoppe.
   460 | D        | Found Itwog's Magic Scroll Emporium.
   479 | D        | Found an iron altar of Okawaru.
   479 | D        | Found a radiant altar of Vehumet.
   480 | D        | Found a glowing golden altar of the Shining One.
   481 | D        | Found a sparkling altar of Nemelex Xobeh.
   481 | D        | Found a hide-covered altar of Uskayaw.
   482 | D        | Found an opulent altar of Gozag.
   482 | D        | Found a burning altar of Makhleb.
   482 | D        | Found a bloodstained altar of Trog.
   483 | D        | Found a blossoming altar of Fedhas.
   483 | D        | Found a corrupted altar of Lugonu.
   483 | D        | Found a glowing silver altar of Zin.
   483 | D        | Found a deep blue altar of Sif Muna.
   484 | D        | Found a white marble altar of Elyvilon.
   484 | D        | Found an ancient bone altar of Kikubaaqudgha.
   485 | D        | Found a shadowy altar of Dithmenos.
   485 | D        | Found a viscous altar of Jiyva.
   486 | D        | Found a snail-covered altar of Cheibriados.
   488 | D        | Found a roughly hewn altar of Beogh.
   488 | D        | Found a basalt altar of Yredelemnul.
   488 | D        | Found a sacrificial altar of Ru.
   488 | D        | Found a hazy altar of Hepliaklqana.
   488 | D        | Noticed a hornet
   488 | D        | Noticed a polar bear
   492 | D        | Noticed a yaktaur
   493 | D        | Noticed a polar bear
   496 | D        | Noticed a polar bear
   502 | D        | Killed a polar bear
   502 | D        | Reached XP level 8. HP: 40/41 MP: 9/9
   504 | D        | Paralysed by a hornet for 1 turns
   508 | D        | Paralysed by a hornet for 3 turns
   512 | D        | HP: 2/41 [poisoned by a hornet]
   512 | D        | Mangled by a hornet
   513 | D        | Reached XP level 7. HP: -12/37 MP: 8/8
   525 | D        | Killed a hornet
   525 | D        | Reached skill level 14 in Unarmed Combat
   537 | D        | Shot with a bolt by a yaktaur
   538 | D        | Reached XP level 6. HP: -7/34 MP: 7/7
   543 | D        | Noticed a kraken
   651 | D        | Mangled by a crocodile

Skill      XL: |  1  2  3  4  5  6  7 |
---------------+----------------------+-----
Dodging        | 5 6 9 10 | 10.7
Unarmed Combat | 5 6 7 11 12 14 | 14.4
Fighting       | 4 7 8 |  8.6
Stealth        | 2 3 4 |  4.7

Action                   |  1- 3 |  4- 6 |  7- 9 || total
-------------------------+-------+-------+-------++-------
Melee: Unarmed           |    10 |    22 |    42 ||    74
       Bite              |     2 |     2 |     5 ||     9
       Punch             |     1 |     1 |     3 ||     5
  Use: Potion            |     1 |       |     1 ||     2
 Stab: Sleeping          |       |     1 |       ||     1
  Eat: Chunk             |       |       |     6 ||     6
Armor: Skin              |       |       |     5 ||     5
Dodge: Dodged            |     5 |     9 |    46 ||    60
